BlackHawks vs Oilers

Created - 2 octobre 2019 at 22:36

Simulating a Pre-Season

Goals
1 2 3 T
BlackHawks 1 0 1 2
Oilers 0 1 0 1
Shots
1 2 3 T
BlackHawks 11 13 14 38
Oilers 4 9 12 25

1st period

1. BlackHawks , Marco Scandella 1 (Tom Wilson 1, Scott Laughton 1) at 5:30

Penalties :
Dylan DeMelo (EDM) for Interference (Minor) at 10:56, Alex Galchenyuk (CHI) for Holding (Minor) at 14:18

2nd period

2. Oilers , Pavel Buchnevich 1 (Derick Brassard 1, Adam Lowry 1) at 12:31

Penalties :
No Penalty

3rd period

3. BlackHawks , Johnny Boychuk 1 (Anze Kopitar 2, Mattias Ekholm 2) at 8:18

Penalties :
Ryan Johansen (EDM) for Roughing (Minor) at 7:49, Ryan Suter (CHI) for Hooking (Minor) at 7:49, Mikael Granlund (CHI) for Hooking (Minor) at 10:42

Goalie Stats

Braden Holtby (CHI), 24 saves from 25 shots - (0.960), W, 2-1-0, 60:00 minutes
Robin Lehner (EDM), 36 saves from 38 shots - (0.947), L, 2-2-0, 59:00 minutes

Players Stats for BlackHawks

Player Name              G  A  P  +/- PIM S  H  SB GA TA FO     MP     PP MP  PK MP  
------------------------------------------------------------------------------------
Alex Galchenyuk          0  0  0  -1  2   1  1  0  0  0  2/2    18:03   0:51   0:00 
Andrej Sekera            0  0  0   0  0   0  0  0  0  0  0/0     4:11   0:00   0:00 
Andrew Copp              0  0  0   0  0   0  0  0  0  0  4/6     6:10   0:00   0:11 
Anze Kopitar             0  1  1   1  0   5  3  0  0  0  16/37  26:50   1:08   1:35 
Brady Skjei              0  0  0  -1  0   0  3  1  0  0  0/0    20:14   0:43   2:02 
Brandon Dubinsky         0  0  0   1  0   2  0  1  0  0  11/20  13:23   0:00   0:43 
Brent Seabrook           0  0  0  -1  0   1  2  1  0  0  0/0    20:14   0:43   2:02 
Charlie Coyle            0  0  0  -1  0   3  3  0  0  0  0/3    18:04   0:51   0:00 
Chris Tierney            0  0  0   0  0   2  1  0  0  0  0/1    18:13   1:08   0:50 
Evgeny Kuznetsov         0  0  0   0  0   8  0  0  0  0  7/18   22:45   0:51   2:45 
Johnny Boychuk           1  0  1   2  0   1  0  1  0  0  0/0    13:05   0:00   0:00 
Marco Scandella          1  0  1   1  0   1  2  1  0  0  0/0    11:24   0:00   0:00 
Mattias Ekholm           0  1  1   1  0   1  3  1  0  0  0/0    24:11   1:16   1:56 
Mikael Granlund          0  0  0   0  2   2  3  0  0  0  1/2    17:44   1:08   0:22 
Patric Hornqvist         0  0  0   0  0   1  0  0  0  0  0/0     5:59   0:00   0:00 
Ryan Suter               0  0  0   0  2   1  3  1  0  0  0/0    26:40   1:16   1:56 
Scott Laughton           0  1  1   1  0   3  0  0  0  0  0/1    14:10   0:00   1:30 
Tom Wilson               0  1  1   1  0   6  4  0  0  0  0/0    12:40   0:00   0:00 

Players Stats for Oilers

Player Name              G  A  P  +/- PIM S  H  SB GA TA FO     MP     PP MP  PK MP  
------------------------------------------------------------------------------------
Adam Lowry               0  1  1   0  0   1  1  0  0  0  14/22  15:38   0:00   0:00 
Alexander Kerfoot        0  0  0   0  0   1  0  0  0  0  0/0     4:03   0:00   0:00 
Andreas Athanasiou       0  0  0   0  0   0  0  0  0  0  1/4    21:58   1:51   0:40 
Brent Burns              0  0  0  -2  0   2  0  1  0  0  0/0    27:10   1:51   1:09 
Derick Brassard          0  1  1   1  0   2  0  0  0  0  0/1    14:02   0:00   0:00 
Deryk Engelland          0  0  0   0  0   0  1  2  0  0  0/0    13:38   0:00   0:00 
Dylan DeMelo             0  0  0   0  2   0  0  0  0  0  0/0     2:42   0:00   0:00 
Evgenii Dadonov          0  0  0   0  0   6  1  1  0  0  0/1    21:58   1:51   0:40 
Jack Johnson             0  0  0   1  0   0  2  2  0  0  0/0    19:12   2:07   0:50 
Jacob Trouba             0  0  0  -2  0   1  5  2  0  0  0/0    24:27   1:51   1:09 
Jason Zucker             0  0  0  -1  0   2  1  0  0  0  0/1    17:41   2:07   0:00 
Jean-Gabriel Pageau      0  0  0   0  0   0  0  0  0  0  2/5     4:05   0:00   0:00 
Justin Braun             0  0  0   1  0   1  0  2  0  0  0/0    19:12   2:07   0:50 
Mark Pysyk               0  0  0   0  0   1  0  0  0  0  0/0    13:38   0:00   0:00 
Pavel Buchnevich         1  0  1   1  0   4  1  0  0  0  0/0    13:23   0:00   0:00 
Reilly Smith             0  0  0  -1  0   2  0  0  0  0  3/7    18:21   2:07   1:19 
Ryan Getzlaf             0  0  0  -2  0   2  3  0  0  0  11/19  23:58   2:07   1:19 
Ryan Johansen            0  0  0   0  2   0  4  0  0  0  18/30  20:54   1:51   0:00 

3 Stars

1 - Robin Lehner (EDM)
2 - Marco Scandella (CHI)
3 - Johnny Boychuk (CHI)

Power Play

BlackHawks - 0 on 1 Attempt(s) - 0.00%
Oilers - 0 on 2 Attempt(s) - 0.00%

Penalty Kill

BlackHawks - 2 on 2 Attempt(s) - 100.00% - Score 0 goal in Penalty Kill
Oilers - 1 on 1 Attempt(s) - 100.00% - Score 0 goal in Penalty Kill

Team Stat

BlackHawks - Hits : 28 - Faceoff Wins : 41 - Blocked Shots : 7 - Penalty Minutes : 6
Oilers - Hits : 19 - Faceoff Wins : 49 - Blocked Shots : 10 - Penalty Minutes : 4

Official

Referees : Frederick L'Ecuyer and Steve Kozari
Linesman : Brad Lazarowich and Ryan Gibbons

Game Notes

No Game Note

% Time on Ice - BlackHawks

Lines # - Real PCT - Wanted PCT - Time Play
Normal Forward
1 - 31% - 40% - 15:56
2 - 33% - 30% - 17:13
3 - 24% - 20% - 12:40
4 - 12% - 10% - 5:59
Normal Defense
1 - 37% - 40% - 19:18
2 - 33% - 30% - 17:11
3 - 21% - 20% - 11:08
4 - 8% - 10% - 4:11
PP Forward
1 - 57% - 60% - 1:08
2 - 43% - 40% - 0:51
PP Defense
1 - 64% - 60% - 1:16
2 - 36% - 40% - 0:43
PK Forward
1 - 79% - 60% - 3:08
2 - 21% - 40% - 0:50
PK Defense
1 - 49% - 60% - 1:56
2 - 51% - 40% - 2:02
PK3 Forward
1 - 0% - 60%
2 - 0% - 40%
PK3 Defense
1 - 0% - 60%
2 - 0% - 40%
44 Forward
1 - 97% - 60% - 1:56
2 - 3% - 40% - 0:03
44 Defense
1 - 85% - 60% - 1:41
2 - 15% - 40% - 0:18
Last Minute Offensive  - 0:00
Last Minute Defensive  - 0:16
Total
Forward - 60:00
Defense - 60:00

% Time on Ice - Oilers

Lines # - Real PCT - Wanted PCT - Time Play
Normal Forward
1 - 37% - 40% - 19:04
2 - 29% - 30% - 14:55
3 - 26% - 20% - 13:23
4 - 8% - 10% - 4:03
Normal Defense
1 - 38% - 40% - 19:34
2 - 30% - 30% - 15:30
3 - 27% - 20% - 13:38
4 - 5% - 10% - 2:43
PP Forward
1 - 47% - 60% - 1:51
2 - 53% - 40% - 2:07
PP Defense
1 - 47% - 60% - 1:51
2 - 53% - 40% - 2:07
PK Forward
1 - 66% - 60% - 1:19
2 - 34% - 40% - 0:40
PK Defense
1 - 58% - 60% - 1:09
2 - 42% - 40% - 0:50
PK3 Forward
1 - 0% - 60%
2 - 0% - 40%
PK3 Defense
1 - 0% - 60%
2 - 0% - 40%
44 Forward
1 - 81% - 60% - 1:36
2 - 19% - 40% - 0:23
44 Defense
1 - 62% - 60% - 1:14
2 - 38% - 40% - 0:45
Last Minute Offensive  - 0:39
Last Minute Defensive  - 0:00
Total
Forward - 60:00
Defense - 60:00

Play-by-Play

1st period


0:01 of 1st period - Anze Kopitar wins face-off versus Ryan Johansen in neutral zone.
0:01 of 1st period - Anze Kopitar is hit by Ryan Johansen.
1:54 of 1st period - Shot by Ryan Getzlaf.
1:54 of 1st period - Stopped by Braden Holtby without a rebound.
1:55 of 1st period - Brandon Dubinsky wins face-off versus Adam Lowry in BlackHawks zone.
1:55 of 1st period - Marco Scandella is hit by Pavel Buchnevich and loses puck.
4:00 of 1st period - Shot by Evgeny Kuznetsov.
4:00 of 1st period - Stopped by Robin Lehner without a rebound.
4:01 of 1st period - Ryan Johansen wins face-off versus Anze Kopitar in Oilers zone.
4:11 of 1st period - Ryan Johansen is hit by Mattias Ekholm and loses puck.
4:26 of 1st period - Shot by Ryan Johansen.
4:26 of 1st period - Shot Misses the Net.
4:42 of 1st period - Shot by Evgenii Dadonov.
4:42 of 1st period - Shot Misses the Net.
5:11 of 1st period - Shot by Adam Lowry.
5:11 of 1st period - Shot Misses the Net.
5:15 of 1st period - Shot by Pavel Buchnevich.
5:15 of 1st period - Stopped by Braden Holtby with a rebound.
5:17 of 1st period - Shot by Pavel Buchnevich.
5:17 of 1st period - Stopped by Braden Holtby without a rebound.
5:18 of 1st period - Ryan Getzlaf wins face-off versus Brandon Dubinsky in BlackHawks zone.
5:18 of 1st period - Jason Zucker is hit by Marco Scandella.
5:28 of 1st period - Shot by Tom Wilson.
5:28 of 1st period - Shot Misses the Net.
5:30 of 1st period - Shot by Marco Scandella.
5:30 of 1st period - Goal by Marco Scandella - BlackHawks : 1 - Oilers : 0.
5:31 of 1st period - Evgeny Kuznetsov wins face-off versus Ryan Johansen in neutral zone.
5:36 of 1st period - Shot by Charlie Coyle.
5:36 of 1st period - Deflect By Alex Galchenyuk.
5:36 of 1st period - Shot Misses the Net.
6:47 of 1st period - Shot by Scott Laughton.
6:47 of 1st period - Stopped by Robin Lehner without a rebound.
6:48 of 1st period - Reilly Smith wins face-off versus Anze Kopitar in Oilers zone.
6:50 of 1st period - Ryan Getzlaf is hit by Mikael Granlund and loses puck.
7:12 of 1st period - Shot by Anze Kopitar.
7:12 of 1st period - Shot Misses the Net.
7:28 of 1st period - Shot by Chris Tierney.
7:28 of 1st period - Shot Blocked by Jack Johnson.
7:46 of 1st period - Shot by Evgeny Kuznetsov.
7:46 of 1st period - Shot Blocked by Justin Braun.
7:48 of 1st period - Shot by Brent Seabrook.
7:48 of 1st period - Shot Blocked by Justin Braun.
7:50 of 1st period - Shot by Charlie Coyle.
7:50 of 1st period - Shot Misses the Net.
7:52 of 1st period - Shot by Evgeny Kuznetsov.
7:52 of 1st period - Shot Misses the Net.
8:08 of 1st period - Shot by Brent Seabrook.
8:08 of 1st period - Shot Misses the Net.
8:58 of 1st period - Scott Laughton is hit by Jacob Trouba.
9:08 of 1st period - Shot by Derick Brassard.
9:08 of 1st period - Stopped by Braden Holtby without a rebound.
9:09 of 1st period - Anze Kopitar wins face-off versus Ryan Johansen in BlackHawks zone.
9:30 of 1st period - Andreas Athanasiou is hit by Ryan Suter and loses puck.
10:09 of 1st period - Evgenii Dadonov is hit by Brent Seabrook and loses puck.
10:33 of 1st period - Shot by Evgeny Kuznetsov.
10:33 of 1st period - Stopped by Robin Lehner without a rebound.
10:34 of 1st period - Adam Lowry wins face-off versus Brandon Dubinsky in Oilers zone.
10:56 of 1st period - Minor Penalty to Dylan DeMelo for Interference.
10:57 of 1st period - Anze Kopitar wins face-off versus Reilly Smith in Oilers zone.
11:02 of 1st period - Shot by Ryan Suter.
11:02 of 1st period - Shot Misses the Net.
11:04 of 1st period - Shot by Anze Kopitar.
11:04 of 1st period - Stopped by Robin Lehner without a rebound.
11:05 of 1st period - Alex Galchenyuk wins face-off versus Reilly Smith in Oilers zone.
11:20 of 1st period - Shot by Ryan Suter.
11:20 of 1st period - Stopped by Robin Lehner without a rebound.
11:21 of 1st period - Anze Kopitar wins face-off versus Reilly Smith in Oilers zone.
11:28 of 1st period - Shot by Anze Kopitar.
11:28 of 1st period - Stopped by Robin Lehner without a rebound.
11:29 of 1st period - Anze Kopitar wins face-off versus Ryan Getzlaf in Oilers zone.
11:54 of 1st period - Shot by Chris Tierney.
11:54 of 1st period - Shot Blocked by Jack Johnson.
11:56 of 1st period - Shot by Ryan Suter.
11:56 of 1st period - Shot Misses the Net.
11:58 of 1st period - Shot by Mattias Ekholm.
11:58 of 1st period - Shot Misses the Net.
12:32 of 1st period - Shot by Brent Seabrook.
12:32 of 1st period - Stopped by Robin Lehner without a rebound.
12:33 of 1st period - Reilly Smith wins face-off versus Evgeny Kuznetsov in Oilers zone.
12:50 of 1st period - Icing by Brady Skjei.
12:51 of 1st period - Evgeny Kuznetsov wins face-off versus Andreas Athanasiou in BlackHawks zone.
12:51 of 1st period - Evgeny Kuznetsov is hit by Evgenii Dadonov.
12:56 of 1st period - Icing by Evgeny Kuznetsov.
12:57 of 1st period - Ryan Johansen wins face-off versus Brandon Dubinsky in BlackHawks zone.
13:00 of 1st period - Shot by Andreas Athanasiou.
13:00 of 1st period - Deflect By Ryan Johansen.
13:00 of 1st period - Shot Blocked by Johnny Boychuk.
13:19 of 1st period - Shot by Brandon Dubinsky.
13:19 of 1st period - Shot Misses the Net.
13:21 of 1st period - Shot by Johnny Boychuk.
13:21 of 1st period - Shot Misses the Net.
13:23 of 1st period - Shot by Brandon Dubinsky.
13:23 of 1st period - Stopped by Robin Lehner without a rebound.
13:24 of 1st period - Anze Kopitar wins face-off versus Ryan Getzlaf in Oilers zone.
13:31 of 1st period - Shot by Chris Tierney.
13:31 of 1st period - Deflect By Mikael Granlund.
13:31 of 1st period - Shot Misses the Net.
13:49 of 1st period - Jack Johnson is hit by Mikael Granlund and loses puck.
14:18 of 1st period - Minor Penalty to Alex Galchenyuk for Holding.
14:19 of 1st period - Ryan Johansen wins face-off versus Anze Kopitar in BlackHawks zone.
14:26 of 1st period - Shot by Jacob Trouba.
14:26 of 1st period - Shot Misses the Net.
15:26 of 1st period - Brady Skjei is hit by Ryan Getzlaf and loses puck.
15:55 of 1st period - Shot by Brandon Dubinsky.
15:55 of 1st period - Shot Misses the Net.
16:26 of 1st period - Shot by Derick Brassard.
16:26 of 1st period - Shot Blocked by Marco Scandella.
16:38 of 1st period - Mark Pysyk is hit by Anze Kopitar and loses puck.
16:56 of 1st period - Johnny Boychuk is hit by Deryk Engelland.
17:28 of 1st period - Shot by Brandon Dubinsky.
17:28 of 1st period - Shot Blocked by Brent Burns.
19:23 of 1st period - Shot by Tom Wilson.
19:23 of 1st period - Stopped by Robin Lehner without a rebound.
19:24 of 1st period - Evgeny Kuznetsov wins face-off versus Jean-Gabriel Pageau in Oilers zone.
19:25 of 1st period - Shot by Charlie Coyle.
19:25 of 1st period - Stopped by Robin Lehner without a rebound.
19:26 of 1st period - Evgeny Kuznetsov wins face-off versus Ryan Getzlaf in Oilers zone.
19:49 of 1st period - Shot by Jason Zucker.
19:49 of 1st period - Shot Blocked by Brady Skjei.
Goals for this period are 1 for BlackHawks vs 0 for Oilers.
Shots for this period are 11 for BlackHawks vs 4 for Oilers.

2nd period


0:01 of 2nd period - Anze Kopitar wins face-off versus Ryan Johansen in neutral zone.
0:03 of 2nd period - Off-side.
0:04 of 2nd period - Anze Kopitar wins face-off versus Jason Zucker in neutral zone.
0:30 of 2nd period - Shot by Mikael Granlund.
0:30 of 2nd period - Shot Misses the Net.
0:32 of 2nd period - Shot by Anze Kopitar.
0:32 of 2nd period - Stopped by Robin Lehner without a rebound.
0:33 of 2nd period - Evgeny Kuznetsov wins face-off versus Evgenii Dadonov in Oilers zone.
0:33 of 2nd period - Evgeny Kuznetsov is hit by Jack Johnson.
0:47 of 2nd period - Shot by Alex Galchenyuk.
0:47 of 2nd period - Deflect By Evgeny Kuznetsov.
0:47 of 2nd period - Stopped by Robin Lehner without a rebound.
0:48 of 2nd period - Adam Lowry wins face-off versus Scott Laughton in Oilers zone.
0:52 of 2nd period - Derick Brassard is hit by Tom Wilson and loses puck.
0:57 of 2nd period - Shot by Tom Wilson.
0:57 of 2nd period - Stopped by Robin Lehner without a rebound.
0:58 of 2nd period - Ryan Johansen wins face-off versus Anze Kopitar in Oilers zone.
1:32 of 2nd period - Shot by Mikael Granlund.
1:32 of 2nd period - Stopped by Robin Lehner without a rebound.
1:33 of 2nd period - Ryan Getzlaf wins face-off versus Charlie Coyle in Oilers zone.
2:12 of 2nd period - Icing by Brady Skjei.
2:13 of 2nd period - Ryan Johansen wins face-off versus Evgeny Kuznetsov in BlackHawks zone.
2:56 of 2nd period - Shot by Anze Kopitar.
2:56 of 2nd period - Deflect By Mikael Granlund.
2:56 of 2nd period - Stopped by Robin Lehner without a rebound.
2:57 of 2nd period - Adam Lowry wins face-off versus Brandon Dubinsky in Oilers zone.
2:57 of 2nd period - Derick Brassard is hit by Tom Wilson.
3:22 of 2nd period - Icing by Deryk Engelland.
3:23 of 2nd period - Mikael Granlund wins face-off versus Adam Lowry in Oilers zone.
3:35 of 2nd period - Icing by Adam Lowry.
3:36 of 2nd period - Evgeny Kuznetsov wins face-off versus Derick Brassard in Oilers zone.
4:01 of 2nd period - Shot by Alex Galchenyuk.
4:01 of 2nd period - Shot Misses the Net.
5:52 of 2nd period - Icing by Justin Braun.
5:53 of 2nd period - Ryan Johansen wins face-off versus Evgeny Kuznetsov in Oilers zone.
6:22 of 2nd period - Shot by Charlie Coyle.
6:22 of 2nd period - Stopped by Robin Lehner without a rebound.
6:23 of 2nd period - Jean-Gabriel Pageau wins face-off versus Anze Kopitar in Oilers zone.
6:31 of 2nd period - Brent Burns is hit by Mikael Granlund and loses puck.
7:00 of 2nd period - Off-side.
7:01 of 2nd period - Ryan Johansen wins face-off versus Evgeny Kuznetsov in neutral zone.
7:06 of 2nd period - Shot by Evgenii Dadonov.
7:06 of 2nd period - Stopped by Braden Holtby without a rebound.
7:07 of 2nd period - Ryan Johansen wins face-off versus Charlie Coyle in BlackHawks zone.
7:08 of 2nd period - Shot by Evgenii Dadonov.
7:08 of 2nd period - Shot Misses the Net.
7:19 of 2nd period - Shot by Evgeny Kuznetsov.
7:19 of 2nd period - Stopped by Robin Lehner without a rebound.
7:20 of 2nd period - Andrew Copp wins face-off versus Adam Lowry in Oilers zone.
7:31 of 2nd period - Shot by Anze Kopitar.
7:31 of 2nd period - Shot Misses the Net.
8:02 of 2nd period - Anze Kopitar is hit by Jacob Trouba and loses puck.
8:21 of 2nd period - Shot by Evgeny Kuznetsov.
8:21 of 2nd period - Shot Misses the Net.
8:23 of 2nd period - Shot by Charlie Coyle.
8:23 of 2nd period - Stopped by Robin Lehner with a rebound.
9:12 of 2nd period - Shot by Tom Wilson.
9:12 of 2nd period - Shot Hit the Post.
9:26 of 2nd period - Shot by Evgenii Dadonov.
9:26 of 2nd period - Stopped by Braden Holtby without a rebound.
9:27 of 2nd period - Ryan Getzlaf wins face-off versus Anze Kopitar in BlackHawks zone.
9:27 of 2nd period - Ryan Getzlaf is hit by Mattias Ekholm.
9:31 of 2nd period - Shot by Reilly Smith.
9:31 of 2nd period - Shot Misses the Net.
9:51 of 2nd period - Icing by Mark Pysyk.
9:52 of 2nd period - Ryan Getzlaf wins face-off versus Evgeny Kuznetsov in Oilers zone.
10:01 of 2nd period - Shot by Alex Galchenyuk.
10:01 of 2nd period - Shot Blocked by Deryk Engelland.
10:03 of 2nd period - Shot by Charlie Coyle.
10:03 of 2nd period - Shot Misses the Net.
11:15 of 2nd period - Shot by Anze Kopitar.
11:15 of 2nd period - Shot Blocked by Deryk Engelland.
11:17 of 2nd period - Shot by Chris Tierney.
11:17 of 2nd period - Stopped by Robin Lehner with a rebound.
11:35 of 2nd period - Shot by Tom Wilson.
11:35 of 2nd period - Stopped by Robin Lehner without a rebound.
11:36 of 2nd period - Brandon Dubinsky wins face-off versus Ryan Johansen in Oilers zone.
11:36 of 2nd period - Tom Wilson is hit by Jacob Trouba and loses puck.
11:41 of 2nd period - Shot by Brandon Dubinsky.
11:41 of 2nd period - Stopped by Robin Lehner without a rebound.
11:42 of 2nd period - Ryan Johansen wins face-off versus Evgeny Kuznetsov in Oilers zone.
12:23 of 2nd period - Icing by Brent Seabrook.
12:24 of 2nd period - Adam Lowry wins face-off versus Evgeny Kuznetsov in BlackHawks zone.
12:25 of 2nd period - Shot by Derick Brassard.
12:25 of 2nd period - Shot Misses the Net.
12:27 of 2nd period - Shot by Pavel Buchnevich.
12:27 of 2nd period - Shot Blocked by Brent Seabrook.
12:29 of 2nd period - Shot by Derick Brassard.
12:29 of 2nd period - Shot Misses the Net.
12:31 of 2nd period - Shot by Pavel Buchnevich.
12:31 of 2nd period - Goal by Pavel Buchnevich - BlackHawks : 1 - Oilers : 1.
12:32 of 2nd period - Adam Lowry wins face-off versus Anze Kopitar in neutral zone.
12:45 of 2nd period - Shot by Adam Lowry.
12:45 of 2nd period - Shot Blocked by Mattias Ekholm.
13:21 of 2nd period - Shot by Evgenii Dadonov.
13:21 of 2nd period - Stopped by Braden Holtby without a rebound.
13:22 of 2nd period - Brandon Dubinsky wins face-off versus Ryan Johansen in BlackHawks zone.
13:22 of 2nd period - Brandon Dubinsky is hit by Ryan Johansen.
13:34 of 2nd period - Shot by Scott Laughton.
13:34 of 2nd period - Shot Blocked by Jacob Trouba.
13:36 of 2nd period - Shot by Scott Laughton.
13:36 of 2nd period - Shot Misses the Net.
13:48 of 2nd period - Shot by Scott Laughton.
13:48 of 2nd period - Shot Misses the Net.
13:50 of 2nd period - Shot by Scott Laughton.
13:50 of 2nd period - Stopped by Robin Lehner without a rebound.
13:51 of 2nd period - Evgeny Kuznetsov wins face-off versus Jean-Gabriel Pageau in Oilers zone.
14:11 of 2nd period - Shot by Alexander Kerfoot.
14:11 of 2nd period - Stopped by Braden Holtby without a rebound.
14:12 of 2nd period - Adam Lowry wins face-off versus Andrew Copp in BlackHawks zone.
14:24 of 2nd period - Justin Braun is hit by Ryan Suter and loses puck.
14:30 of 2nd period - Derick Brassard is hit by Mattias Ekholm and loses puck.
14:37 of 2nd period - Shot by Derick Brassard.
14:37 of 2nd period - Stopped by Braden Holtby without a rebound.
14:38 of 2nd period - Ryan Johansen wins face-off versus Evgeny Kuznetsov in BlackHawks zone.
14:47 of 2nd period - Brent Burns is hit by Charlie Coyle.
14:55 of 2nd period - Icing by Jacob Trouba.
14:56 of 2nd period - Anze Kopitar wins face-off versus Ryan Johansen in Oilers zone.
15:05 of 2nd period - Shot by Mattias Ekholm.
15:05 of 2nd period - Shot Blocked by Jacob Trouba.
15:23 of 2nd period - Shot by Anze Kopitar.
15:23 of 2nd period - Shot Misses the Net.
15:29 of 2nd period - Shot by Anze Kopitar.
15:29 of 2nd period - Stopped by Robin Lehner without a rebound.
15:30 of 2nd period - Ryan Getzlaf wins face-off versus Evgeny Kuznetsov in Oilers zone.
15:38 of 2nd period - Jason Zucker is hit by Brady Skjei.
15:53 of 2nd period - Reilly Smith is hit by Brent Seabrook and loses puck.
16:09 of 2nd period - Shot by Ryan Getzlaf.
16:09 of 2nd period - Shot Misses the Net.
16:11 of 2nd period - Shot by Justin Braun.
16:11 of 2nd period - Shot Misses the Net.
16:30 of 2nd period - Off-side.
16:31 of 2nd period - Ryan Johansen wins face-off versus Anze Kopitar in neutral zone.
17:03 of 2nd period - Shot by Brent Burns.
17:03 of 2nd period - Stopped by Braden Holtby with a rebound.
17:05 of 2nd period - Shot by Brent Burns.
17:05 of 2nd period - Stopped by Braden Holtby without a rebound.
17:06 of 2nd period - Adam Lowry wins face-off versus Brandon Dubinsky in BlackHawks zone.
17:13 of 2nd period - Shot by Adam Lowry.
17:13 of 2nd period - Stopped by Braden Holtby with a rebound.
18:37 of 2nd period - Icing by Anze Kopitar.
18:38 of 2nd period - Anze Kopitar wins face-off versus Andreas Athanasiou in BlackHawks zone.
19:06 of 2nd period - Shot by Ryan Johansen.
19:06 of 2nd period - Shot Misses the Net.
19:31 of 2nd period - Reilly Smith is hit by Alex Galchenyuk.
19:55 of 2nd period - Icing by Ryan Getzlaf.
19:56 of 2nd period - Brandon Dubinsky wins face-off versus Ryan Getzlaf in Oilers zone.
19:56 of 2nd period - Tom Wilson is hit by Jack Johnson.
Goals for this period are 0 for BlackHawks vs 1 for Oilers.
Shots for this period are 13 for BlackHawks vs 9 for Oilers.

3rd period


0:01 of 3rd period - Anze Kopitar wins face-off versus Ryan Johansen in neutral zone.
0:28 of 3rd period - Shot by Chris Tierney.
0:28 of 3rd period - Shot Misses the Net.
0:30 of 3rd period - Shot by Ryan Suter.
0:30 of 3rd period - Shot Misses the Net.
0:43 of 3rd period - Icing by Jacob Trouba.
0:44 of 3rd period - Brandon Dubinsky wins face-off versus Ryan Johansen in Oilers zone.
0:45 of 3rd period - Shot by Scott Laughton.
0:45 of 3rd period - Stopped by Robin Lehner without a rebound.
0:46 of 3rd period - Ryan Getzlaf wins face-off versus Brandon Dubinsky in Oilers zone.
0:50 of 3rd period - Off-side.
0:51 of 3rd period - Brandon Dubinsky wins face-off versus Ryan Getzlaf in neutral zone.
1:00 of 3rd period - Shot by Reilly Smith.
1:00 of 3rd period - Stopped by Braden Holtby without a rebound.
1:01 of 3rd period - Andrew Copp wins face-off versus Jean-Gabriel Pageau in BlackHawks zone.
1:17 of 3rd period - Shot by Patric Hornqvist.
1:17 of 3rd period - Stopped by Robin Lehner without a rebound.
1:18 of 3rd period - Ryan Johansen wins face-off versus Brandon Dubinsky in Oilers zone.
1:18 of 3rd period - Ryan Johansen is hit by Tom Wilson.
1:37 of 3rd period - Evgenii Dadonov is hit by Marco Scandella and loses puck.
1:49 of 3rd period - Tom Wilson is hit by Ryan Johansen and loses puck.
1:56 of 3rd period - Shot by Evgenii Dadonov.
1:56 of 3rd period - Stopped by Braden Holtby without a rebound.
1:57 of 3rd period - Ryan Getzlaf wins face-off versus Anze Kopitar in BlackHawks zone.
1:57 of 3rd period - Reilly Smith is hit by Ryan Suter and loses puck.
2:10 of 3rd period - Shot by Chris Tierney.
2:10 of 3rd period - Shot Misses the Net.
2:12 of 3rd period - Shot by Mattias Ekholm.
2:12 of 3rd period - Stopped by Robin Lehner with a rebound.
2:51 of 3rd period - Icing by Jacob Trouba.
2:52 of 3rd period - Alex Galchenyuk wins face-off versus Ryan Getzlaf in Oilers zone.
2:57 of 3rd period - Shot by Charlie Coyle.
2:57 of 3rd period - Shot Misses the Net.
3:04 of 3rd period - Off-side.
3:05 of 3rd period - Brandon Dubinsky wins face-off versus Ryan Johansen in neutral zone.
3:07 of 3rd period - Off-side.
3:08 of 3rd period - Ryan Johansen wins face-off versus Charlie Coyle in neutral zone.
3:21 of 3rd period - Shot by Evgenii Dadonov.
3:21 of 3rd period - Stopped by Braden Holtby with a rebound.
3:33 of 3rd period - Brent Seabrook is hit by Ryan Johansen and loses puck.
4:31 of 3rd period - Icing by Justin Braun.
4:32 of 3rd period - Brandon Dubinsky wins face-off versus Ryan Johansen in Oilers zone.
4:33 of 3rd period - Shot by Marco Scandella.
4:33 of 3rd period - Shot Blocked by Evgenii Dadonov.
4:59 of 3rd period - Icing by Brent Burns.
5:00 of 3rd period - Andrew Copp wins face-off versus Ryan Getzlaf in Oilers zone.
5:45 of 3rd period - Icing by Ryan Suter.
5:46 of 3rd period - Andrew Copp wins face-off versus Adam Lowry in BlackHawks zone.
5:56 of 3rd period - Icing by Adam Lowry.
5:57 of 3rd period - Adam Lowry wins face-off versus Evgeny Kuznetsov in Oilers zone.
5:57 of 3rd period - Adam Lowry is hit by Charlie Coyle.
6:37 of 3rd period - Shot by Alex Galchenyuk.
6:37 of 3rd period - Stopped by Robin Lehner without a rebound.
6:38 of 3rd period - Ryan Getzlaf wins face-off versus Brandon Dubinsky in Oilers zone.
6:38 of 3rd period - Ryan Getzlaf is hit by Tom Wilson.
6:45 of 3rd period - Shot by Tom Wilson.
6:45 of 3rd period - Stopped by Robin Lehner without a rebound.
6:46 of 3rd period - Reilly Smith wins face-off versus Anze Kopitar in Oilers zone.
6:56 of 3rd period - Icing by Anze Kopitar.
6:57 of 3rd period - Ryan Johansen wins face-off versus Anze Kopitar in BlackHawks zone.
6:58 of 3rd period - Shot by Jack Johnson.
6:58 of 3rd period - Shot Misses the Net.
7:00 of 3rd period - Shot by Justin Braun.
7:00 of 3rd period - Shot Misses the Net.
7:02 of 3rd period - Shot by Evgenii Dadonov.
7:02 of 3rd period - Shot Blocked by Ryan Suter.
7:04 of 3rd period - Shot by Justin Braun.
7:04 of 3rd period - Shot Misses the Net.
7:12 of 3rd period - Shot by Evgenii Dadonov.
7:12 of 3rd period - Stopped by Braden Holtby without a rebound.
7:13 of 3rd period - Brandon Dubinsky wins face-off versus Ryan Getzlaf in BlackHawks zone.
7:13 of 3rd period - Brandon Dubinsky is hit by Ryan Getzlaf.
7:42 of 3rd period - Shot by Reilly Smith.
7:42 of 3rd period - Stopped by Braden Holtby without a rebound.
7:43 of 3rd period - Ryan Johansen wins face-off versus Anze Kopitar in BlackHawks zone.
7:48 of 3rd period - Shot by Andreas Athanasiou.
7:48 of 3rd period - Shot Misses the Net.
7:49 of 3rd period - Minor Penalty to Ryan Johansen for Roughing.
7:49 of 3rd period - Minor Penalty to Ryan Suter for Hooking.
7:50 of 3rd period - Anze Kopitar wins face-off versus Adam Lowry in BlackHawks zone.
7:59 of 3rd period - Shot by Anze Kopitar.
7:59 of 3rd period - Stopped by Robin Lehner without a rebound.
8:00 of 3rd period - Anze Kopitar wins face-off versus Adam Lowry in Oilers zone.
8:09 of 3rd period - Shot by Evgeny Kuznetsov.
8:09 of 3rd period - Stopped by Robin Lehner without a rebound.
8:10 of 3rd period - Anze Kopitar wins face-off versus Adam Lowry in Oilers zone.
8:10 of 3rd period - Anze Kopitar is hit by Jacob Trouba.
8:16 of 3rd period - Shot by Anze Kopitar.
8:16 of 3rd period - Shot Misses the Net.
8:18 of 3rd period - Shot by Johnny Boychuk.
8:18 of 3rd period - Goal by Johnny Boychuk - BlackHawks : 2 - Oilers : 1.
8:19 of 3rd period - Adam Lowry wins face-off versus Anze Kopitar in neutral zone.
8:21 of 3rd period - Off-side.
8:22 of 3rd period - Adam Lowry wins face-off versus Anze Kopitar in neutral zone.
8:50 of 3rd period - Icing by Johnny Boychuk.
8:51 of 3rd period - Anze Kopitar wins face-off versus Adam Lowry in BlackHawks zone.
9:04 of 3rd period - Shot by Evgeny Kuznetsov.
9:04 of 3rd period - Shot Misses the Net.
9:07 of 3rd period - Icing by Justin Braun.
9:08 of 3rd period - Adam Lowry wins face-off versus Anze Kopitar in Oilers zone.
9:08 of 3rd period - Adam Lowry is hit by Brady Skjei.
9:22 of 3rd period - Shot by Ryan Getzlaf.
9:22 of 3rd period - Stopped by Braden Holtby without a rebound.
9:23 of 3rd period - Andreas Athanasiou wins face-off versus Anze Kopitar in BlackHawks zone.
9:45 of 3rd period - Shot by Evgeny Kuznetsov.
9:45 of 3rd period - Stopped by Robin Lehner without a rebound.
9:46 of 3rd period - Adam Lowry wins face-off versus Mikael Granlund in Oilers zone.
9:58 of 3rd period - Shot by Jason Zucker.
9:58 of 3rd period - Shot Misses the Net.
10:00 of 3rd period - Shot by Mark Pysyk.
10:00 of 3rd period - Stopped by Braden Holtby with a rebound.
10:02 of 3rd period - Shot by Reilly Smith.
10:02 of 3rd period - Shot Blocked by Brandon Dubinsky.
10:06 of 3rd period - Shot by Reilly Smith.
10:06 of 3rd period - Deflect By Jason Zucker.
10:06 of 3rd period - Stopped by Braden Holtby with a rebound.
10:16 of 3rd period - Shot by Jason Zucker.
10:16 of 3rd period - Stopped by Braden Holtby without a rebound.
10:17 of 3rd period - Ryan Johansen wins face-off versus Anze Kopitar in BlackHawks zone.
10:17 of 3rd period - Brent Burns is hit by Brady Skjei and loses puck.
10:36 of 3rd period - Shot by Chris Tierney.
10:36 of 3rd period - Stopped by Robin Lehner with a rebound.
10:42 of 3rd period - Minor Penalty to Mikael Granlund for Hooking.
10:43 of 3rd period - Ryan Getzlaf wins face-off versus Anze Kopitar in BlackHawks zone.
11:22 of 3rd period - Shot by Evgeny Kuznetsov.
11:22 of 3rd period - Stopped by Robin Lehner without a rebound.
11:23 of 3rd period - Ryan Johansen wins face-off versus Anze Kopitar in Oilers zone.
11:23 of 3rd period - Ryan Johansen is hit by Anze Kopitar.
11:30 of 3rd period - Icing by Jacob Trouba.
11:31 of 3rd period - Anze Kopitar wins face-off versus Ryan Johansen in Oilers zone.
11:56 of 3rd period - Shot by Jacob Trouba.
11:56 of 3rd period - Stopped by Braden Holtby without a rebound.
11:57 of 3rd period - Ryan Getzlaf wins face-off versus Chris Tierney in BlackHawks zone.
12:12 of 3rd period - Shot by Justin Braun.
12:12 of 3rd period - Stopped by Braden Holtby without a rebound.
12:13 of 3rd period - Ryan Johansen wins face-off versus Anze Kopitar in BlackHawks zone.
12:18 of 3rd period - Shot by Jacob Trouba.
12:18 of 3rd period - Shot Misses the Net.
12:30 of 3rd period - Shot by Brent Burns.
12:30 of 3rd period - Shot Misses the Net.
12:44 of 3rd period - Shot by Pavel Buchnevich.
12:44 of 3rd period - Stopped by Braden Holtby without a rebound.
12:45 of 3rd period - Brandon Dubinsky wins face-off versus Reilly Smith in BlackHawks zone.
12:58 of 3rd period - Shot by Tom Wilson.
12:58 of 3rd period - Shot Misses the Net.
13:12 of 3rd period - Scott Laughton is hit by Ryan Getzlaf and loses puck.
14:23 of 3rd period - Icing by Brady Skjei.
14:24 of 3rd period - Adam Lowry wins face-off versus Anze Kopitar in BlackHawks zone.
14:47 of 3rd period - Mark Pysyk is hit by Chris Tierney and loses puck.
15:06 of 3rd period - Ryan Suter is hit by Adam Lowry and loses puck.
15:15 of 3rd period - Shot by Evgeny Kuznetsov.
15:15 of 3rd period - Stopped by Robin Lehner without a rebound.
15:16 of 3rd period - Brandon Dubinsky wins face-off versus Andreas Athanasiou in Oilers zone.
15:20 of 3rd period - Tom Wilson is hit by Jacob Trouba and loses puck.
15:25 of 3rd period - Shot by Tom Wilson.
15:25 of 3rd period - Stopped by Robin Lehner without a rebound.
15:26 of 3rd period - Ryan Getzlaf wins face-off versus Evgeny Kuznetsov in Oilers zone.
15:26 of 3rd period - Ryan Getzlaf is hit by Charlie Coyle.
15:37 of 3rd period - Shot by Ryan Getzlaf.
15:37 of 3rd period - Shot Misses the Net.
15:39 of 3rd period - Shot by Jacob Trouba.
15:39 of 3rd period - Shot Misses the Net.
16:38 of 3rd period - Shot by Tom Wilson.
16:38 of 3rd period - Stopped by Robin Lehner without a rebound.
16:39 of 3rd period - Adam Lowry wins face-off versus Andrew Copp in Oilers zone.
16:39 of 3rd period - Adam Lowry is hit by Anze Kopitar.
17:40 of 3rd period - Icing by Johnny Boychuk.
17:41 of 3rd period - Jean-Gabriel Pageau wins face-off versus Brandon Dubinsky in BlackHawks zone.
19:00 of 3rd period - Oilers, Robin Lehner is pulled from the net.
19:04 of 3rd period - Shot by Andreas Athanasiou.
19:04 of 3rd period - Shot Misses the Net.
19:14 of 3rd period - Shot by Andreas Athanasiou.
19:14 of 3rd period - Shot Misses the Net.
19:31 of 3rd period - Mattias Ekholm is hit by Jason Zucker.
Goals for this period are 1 for BlackHawks vs 0 for Oilers.
Shots for this period are 14 for BlackHawks vs 12 for Oilers.